Map: Proxima Station LE

Players

gsquidman

  • Race: Protoss Protoss
  • Spawn Location: 1:00

A.I. 1 (Very Hard) - Winner!

  • Race: Protoss Protoss
  • Spawn Location: 7:00

VOD

Have the link to the VOD?

Description

Me losing to the hardest AI with my in-progress DT rush build.

Time

  • Played on: March 15, 2017, 8:57 p.m.
  • Length: 14:07
Show
View Real Time Build Order
Export as new Build Order

gsquidman Protoss 

Build Orders: Dark Templar Rush 

Get SALT Encoding   

  12  0:01  Probe (Chrono Boost)  
  13  0:11  Probe (Chrono Boost)  
  14  0:19  Pylon  
  14  0:22  Probe (Chrono Boost)  
  15  0:38  Gateway  
  15  0:42  Probe (Chrono Boost)  
  16  0:49  Assimilator  
  16  0:52  Probe (Chrono Boost)  
  16  0:55  Assimilator  
  17  1:03  Probe (Chrono Boost)  
  18  1:15  Probe (Chrono Boost)  
  19  1:29  Cybernetics Core  
  19  1:44  Probe (Chrono Boost)  
  20  1:51  Warp Gate  
  20  1:55  Probe (Chrono Boost)  
  21  2:04  Pylon  
  21  2:10  Twilight Council  
  21  2:19  Probe (Chrono Boost)  
  23  2:31  Probe (Chrono Boost)  
  23  2:34  Gateway  
  23  2:39  Pylon  
  23  2:43  Probe (Chrono Boost)  
  24  2:49  Dark Shrine  
  24  2:56  Probe (Chrono Boost)  
  25  3:08  Gateway  
  25  3:12  Gateway  
  25  3:17  Probe (Chrono Boost)  
  26  3:29  Probe (Chrono Boost)  
  27  3:41  Probe (Chrono Boost)  
  28  3:44  Nexus  
  28  3:53  Probe (Chrono Boost)  
  29  4:05  Probe (Chrono Boost)  
  29  4:09  Dark Templar x2  
  34  4:10  Dark Templar  
  36  4:26  Assimilator  
  36  4:30  Assimilator  
  36  4:32  Pylon  
  36  4:34  Pylon  
  36  4:35  Dark Templar  
  30  5:06  Probe (Chrono Boost)  
  32  5:07  Probe (Chrono Boost)  
  32  5:22  Probe (Chrono Boost)  
  35  5:30  Mothership Core (Chrono Boost)  
  35  5:33  Probe (Chrono Boost)  
  36  5:43  Probe (Chrono Boost)  
  36  5:49  Pylon  
  37  5:54  Probe x2 (Chrono Boost)  
  39  6:06  Probe (Chrono Boost)  
  40  6:18  Nexus  
  40  6:20  Robotics Facility  
  40  6:27  Blink, Stalker  
  40  6:28  Stalker x3  
  48  6:37  Probe (Chrono Boost)  
  48  6:38  Probe (Chrono Boost)  
  50  6:47  Probe (Chrono Boost)  
  50  6:50  Probe (Chrono Boost)  
  52  6:58  Probe (Chrono Boost)  
  54  7:02  Probe (Chrono Boost)  
  54  7:07  Gateway  
  54  7:10  Probe (Chrono Boost), Pylon  
  54  7:12  Stargate  
  54  7:15  Probe (Chrono Boost)  
  56  7:17  Stargate  
  56  7:24  Probe (Chrono Boost)  
  56  7:27  Probe (Chrono Boost)  
  56  7:29  Stalker x4  
  66  7:35  Probe (Chrono Boost)  
  67  7:41  Assimilator  
  67  7:43  Probe (Chrono Boost)  
  69  7:44  Probe (Chrono Boost)  
  69  7:45  Probe (Chrono Boost)  
  70  7:53  Probe (Chrono Boost)  
  70  7:54  Observer  
  70  7:56  Probe x2 (Chrono Boost)  
  70  7:57  Stalker x4  
  82  8:04  Probe (Chrono Boost)  
  83  8:06  Probe (Chrono Boost)  
  83  8:08  Probe (Chrono Boost)  
  83  8:11  Pylon x2  
  85  8:13  Pylon  
  85  8:14  Probe (Chrono Boost)  
  85  8:17  Void Ray, Probe (Chrono Boost)  
  92  8:20  Probe (Chrono Boost)  
  92  8:25  Probe (Chrono Boost)  
  93  8:27  Dark Templar x2  
  97  8:39  Stalker x3  
  103  8:42  Void Ray  
  103  8:43  Immortal  
  111  9:03  Assimilator  
  111  9:05  Stalker x2  
  115  9:15  Void Ray  
  115  9:26  Stalker  
  117  9:38  Pylon  
  117  9:39  Pylon  
  117  9:40  Pylon  
  117  9:41  Pylon  
  117  9:56  Immortal  
  91  10:08  Stalker x3  
  91  10:09  Stalker  
  80  10:19  Forge  
  57  11:02  Zealot x3  
  63  11:14  Void Ray x2  
  63  11:17  Gateway  
  63  11:19  Gateway  
  63  11:22  Immortal  
  75  11:38  Pylon  
  75  11:39  Pylon  
  75  11:41  Pylon  
  69  11:58  Zealot x2  
  69  12:00  Pylon  
  73  12:01  Pylon  
  51  12:29  Zealot x2  
  33  12:46  Dark Templar x2  
  27  13:06  Dark Templar x2  
  31  13:23  Dark Templar x2  
  31  13:24  Pylon  
  27  13:27  Pylon  
  23  13:54  Pylon  
  23  13:56  Pylon  
  23  13:57  Pylon x2  
  23  13:59  Pylon  
Show
View Real Time Build Order
Export as new Build Order

A.I. 1 (Very Hard) Protoss - Winner!

Build Orders: 1 Gate Expand 

Get SALT Encoding   

  12  0:01  Probe (Chrono Boost)  
  13  0:11  Probe (Chrono Boost)  
  14  0:20  Pylon  
  14  0:22  Probe (Chrono Boost)  
  15  0:38  Probe (Chrono Boost)  
  16  0:49  Probe (Chrono Boost)  
  17  0:50  Gateway  
  17  0:59  Probe (Chrono Boost)  
  18  1:10  Assimilator, Probe (Chrono Boost)  
  19  1:14  Pylon  
  19  1:20  Probe (Chrono Boost)  
  20  1:34  Nexus  
  20  1:43  Cybernetics Core  
  20  1:46  Probe (Chrono Boost)  
  21  1:50  Zealot  
  23  2:06  Gateway  
  23  2:08  Probe (Chrono Boost)  
  24  2:16  Pylon  
  24  2:19  Probe (Chrono Boost)  
  24  2:21  Warp Gate  
  25  2:23  Zealot  
  28  2:31  Probe (Chrono Boost)  
  28  2:41  Assimilator  
  28  2:43  Probe (Chrono Boost)  
  29  2:47  Probe (Chrono Boost)  
  29  2:48  Adept  
  32  2:55  Adept  
  34  3:01  Probe (Chrono Boost)  
  35  3:07  Pylon  
  35  3:09  Probe (Chrono Boost)  
  35  3:12  Adept  
  36  3:19  Stalker  
  40  3:32  Robotics Facility  
  40  3:42  Forge  
  40  3:57  Probe (Chrono Boost)  
  40  4:00  Probe (Chrono Boost)  
  42  4:08  Probe (Chrono Boost)  
  43  4:10  Probe (Chrono Boost)  
  43  4:13  Adept  
  46  4:17  Photon Cannon  
  46  4:18  Observer  
  46  4:19  Photon Cannon  
  46  4:20  Probe (Chrono Boost)  
  46  4:22  Probe (Chrono Boost)  
  46  4:23  Adept  
  47  4:31  Probe (Chrono Boost)  
  47  4:33  Probe (Chrono Boost)  
  41  4:42  Probe (Chrono Boost)  
  41  4:44  Probe (Chrono Boost)  
  42  4:53  Probe (Chrono Boost)  
  42  4:54  Probe (Chrono Boost)  
  43  5:03  Probe (Chrono Boost)  
  43  5:05  Probe (Chrono Boost)  
  46  5:14  Probe (Chrono Boost)  
  46  5:15  Probe (Chrono Boost)  
  47  5:25  Probe (Chrono Boost)  
  47  5:26  Probe (Chrono Boost)  
  47  5:27  Stalker  
  51  5:33  Stalker  
  54  5:37  Probe (Chrono Boost)  
  54  5:38  Probe (Chrono Boost)  
  54  5:40  Pylon  
  55  5:48  Sentry, Probe (Chrono Boost)  
  55  5:49  Probe (Chrono Boost)  
  59  5:54  Stalker  
  59  5:55  Gateway  
  61  5:59  Probe (Chrono Boost)  
  61  6:00  Probe (Chrono Boost)  
  63  6:07  Pylon  
  63  6:10  Probe (Chrono Boost), Zealot  
  66  6:15  Sentry  
  69  6:26  Probe (Chrono Boost)  
  69  6:27  Robotics Bay  
  69  6:29  Stalker  
  71  6:33  Pylon  
  71  6:34  Probe (Chrono Boost)  
  72  6:42  Assimilator  
  72  6:48  Assimilator  
  72  6:51  Stalker  
  72  6:52  Probe x2 (Chrono Boost), Pylon  
  76  6:55  Stalker  
  76  6:59  Stalker  
  80  7:03  Probe (Chrono Boost)  
  81  7:10  Colossus  
  81  7:11  Probe (Chrono Boost)  
  81  7:12  Pylon  
  81  7:14  Probe (Chrono Boost)  
  89  7:22  Probe (Chrono Boost)  
  90  7:25  Probe (Chrono Boost)  
  90  7:29  Nexus  
  91  7:33  Probe (Chrono Boost)  
  91  7:34  Pylon  
  91  7:36  Probe (Chrono Boost)  
  93  7:38  Protoss Ground Weapons Level 1  
  93  7:42  Sentry  
  96  7:44  Probe (Chrono Boost)  
  96  7:52  Zealot  
  98  7:58  Colossus  
  98  8:01  Pylon  
  98  8:02  Forge  
  98  8:03  Pylon  
  104  8:09  Gateway  
  104  8:18  Robotics Facility  
  104  8:29  Protoss Ground Armor Level 1  
  104  8:30  Photon Cannon  
  104  8:33  Pylon  
  104  8:37  Zealot  
  106  8:42  Probe x2 (Chrono Boost)  
  106  8:44  Probe (Chrono Boost)  
  107  8:50  Disruptor  
  107  8:53  Probe (Chrono Boost), Pylon  
  107  8:54  Extended Thermal Lance, Probe (Chrono Boost)  
  113  8:55  Probe (Chrono Boost)  
  113  9:00  Colossus  
  113  9:05  Probe (Chrono Boost)  
  113  9:06  Photon Cannon  
  113  9:07  Probe (Chrono Boost)  
  113  9:08  Probe (Chrono Boost)  
  122  9:15  Photon Cannon  
  122  9:16  Probe (Chrono Boost)  
  123  9:18  Probe (Chrono Boost)  
  123  9:20  Photon Cannon, Probe (Chrono Boost)  
  125  9:24  Disruptor  
  125  9:25  Pylon  
  125  9:27  Probe (Chrono Boost)  
  125  9:29  Probe (Chrono Boost)  
  131  9:32  Probe (Chrono Boost), Stalker  
  131  9:36  Stalker  
  136  9:38  Zealot  
  136  9:39  Probe (Chrono Boost)  
  138  9:47  Photon Cannon  
  138  9:49  Photon Cannon  
  138  9:51  Twilight Council  
  138  9:54  Observer  
  138  9:56  Stalker  
  138  9:59  Stalker  
  133  10:01  Stalker  
  133  10:04  Adept  
  121  10:17  Assimilator, Sentry  
  121  10:18  Assimilator  
  121  10:20  Adept  
  125  10:21  Colossus  
  125  10:22  Zealot  
  125  10:23  Blink  
  125  10:24  Adept  
  133  10:35  Protoss Ground Weapons Level 2  
  131  10:36  Warp Prism  
  131  10:38  Photon Cannon, Zealot  
  131  10:39  Adept  
  131  10:42  Probe (Chrono Boost), Zealot x2  
  134  10:57  Adept  
  134  10:58  Stalker  
  134  11:00  Stalker  
  134  11:02  Stalker  
  134  11:03  Gateway  
  140  11:08  Nexus  
  140  11:11  Observer  
  140  11:12  Warp Prism  
  140  11:16  Stalker  
  145  11:21  Observer Gravitic Boosters  
  145  11:23  Robotics Facility  
  145  11:27  Stargate  
  145  11:35  Colossus  
  145  11:45  Pylon  
  145  11:46  Zealot  
  153  11:47  Disruptor  
  153  11:49  Zealot  
  153  11:54  Zealot x2  
  152  11:57  Pylon  
  152  12:00  Pylon  
  154  12:04  Adept  
  154  12:07  Stalker, Pylon  
  154  12:08  Disruptor  
  154  12:13  Gravitic Drive  
  154  12:15  Pylon  
  153  12:16  Stalker  
  153  12:17  Gateway  
  153  12:18  Adept  
  153  12:22  Probe x2 (Chrono Boost)  
  159  12:27  Void Ray, Pylon  
  163  12:44  Stargate  
  163  12:54  Assimilator  
  163  12:58  Fleet Beacon  
  163  13:03  Assimilator  
  163  13:06  Photon Cannon  
  163  13:07  Phoenix  
  163  13:08  Pylon  
  143  13:24  Photon Cannon, Phoenix  
  135  13:27  Oracle  
  135  13:28  Photon Cannon  
  135  13:33  Stargate  
  134  13:44  Forge  
  134  13:52  Nexus  
  137  14:01  Photon Cannon  
Tags
 
Add a new tag
Caveats
  • Supply blocks, unpowered buildings, or Contaminate may cause inaccurate times.
  • Supply counts are checked every 10 seconds.